 Dungeon Crawl Stone Soup version bcrawl-1.13.4 (webtiles) character file.

Game seed: 6307806158556134143

601 Felnil the Covert (level 7, 51/51 HPs)
             Began as a Gnoll Rogue on Aug 17, 2019.
             Quit the game on level 3 of the Dungeon on Aug 18, 2019.
             The game lasted 00:07:08 (2234 turns).

Felnil the Covert (Gnoll Rogue)                     Turns: 2234, Time: 00:07:08

Health: 51/51      AC:  3    Str: 13    XL:     7   Next: 41%
Magic:  10/10      EV: 13    Int: 13    God:
Gold:   190        SH:  0    Dex: 19    Spells: 10/10 levels left

rFire    . . .     SeeInvis .   a - +2 dagger
rCold    . . .     Gourm    .   (no shield)
rNeg     . . .     Faith    .   c - +0 robe
rPois    .         Spirit   .   (no helmet)
rElec    .         Reflect  .   d - +0 cloak
rCorr    .         Harm     .   (no gloves)
MR       .....                  (no boots)
Stlth    ++++......             (no amulet)
HPRegen  0.17/turn              (no ring)
MPRegen  0.12/turn              (no ring)

@: lightly drained
A: distributed training, fangs 1, strong nose
a: no special abilities


You were on level 3 of the Dungeon.
You were not hungry.

You visited 1 branch of the dungeon, and saw 3 of its levels.

You collected 190 gold pieces.

Inventory:

Hand Weapons
 a - a +2 dagger (weapon)
 b - a +0 blowgun
Missiles
 e - 80 poisoned needles
Armour
 c - a +0 robe (worn)
 d - a +0 cloak (worn)
Wands
 f - a wand of flame (1)
 g - a wand of enslavement (15)
Scrolls
 l - a scroll of immolation {unknown}
 m - 2 scrolls of identify {unknown}
 n - 2 scrolls of remove curse {unknown}
 p - a scroll of teleportation {unknown}
Potions
 i - a potion of flight {unknown}
 k - a potion of heal wounds {unknown}
 o - 3 potions of lignification
 q - 2 potions of might {unknown}
Comestibles
 h - 4 rations {!d}


   Skills:
 + Level 2.4(2.2) Fighting
 + Level 5.2(4.9) Short Blades
 + Level 2.4(2.2) Long Blades
 + Level 2.4(2.2) Axes
 + Level 2.4(2.2) Maces & Flails
 + Level 2.4(2.2) Polearms
 + Level 2.4(2.2) Staves
 + Level 2.4(2.2) Slings
 + Level 2.4(2.2) Bows
 + Level 2.4(2.2) Crossbows
 + Level 5.2(4.9) Throwing
 + Level 2.4(2.2) Armour
 + Level 2.4(2.2) Dodging
 + Level 8.9(8.6) Stealth
 + Level 2.4(2.2) Shields
 + Level 2.4(2.2) Unarmed Combat
 + Level 2.4(2.2) Spellcasting
 + Level 2.0(1.7) Conjurations
 + Level 2.0(1.7) Hexes
 + Level 2.0(1.7) Charms
 + Level 2.0(1.7) Summonings
 + Level 2.0(1.7) Necromancy
 + Level 2.0(1.7) Translocations
 + Level 2.0(1.7) Transmutations
 + Level 2.0(1.7) Fire Magic
 + Level 2.0(1.7) Ice Magic
 + Level 2.0(1.7) Air Magic
 + Level 2.0(1.7) Earth Magic
 + Level 2.0(1.7) Poison Magic
 + Level 2.7(2.4) Invocations
 + Level 5.2(4.9) Evocations


You had 10 spell levels left.
You didn't know any spells.
Your spell library was empty.

Dungeon Overview and Level Annotations

Branches:
Dungeon (3/12)

Altars:


Innate Abilities, Weirdness & Mutations

Your experience applies equally to all skills.
You have very sharp teeth.
Your uncanny sense of smell can sniff out nearby items.


Message History

Your base Translocations skill increases to level 2!
Your base Transmutations skill increases to level 2!
Your base Fire Magic skill increases to level 2!
Your base Ice Magic skill increases to level 2!
Your base Air Magic skill increases to level 2!
Your base Earth Magic skill increases to level 2!
Your base Poison Magic skill increases to level 2!
You start resting.
All of the chunks of flesh in your inventory have rotted away.
HP restored.
Things that are here:
a +1 hand axe; a +0 robe
Items here: )) [[ a +0 trident; a +0 robe; a +0 great sword; a +0 robe
Things that are here:
a +0 falchion; a +0 robe Save game and exit?
Welcome back, Felnil the Gnoll Rogue.
Press ? for a list of commands and other information.
Are you sure you want to abandon this character and quit the game? (Confirm with "yes".)

### ### #.# #.. ..# ##.# #.#
#.# ##... #.######.#####....
#..[.....##..)....
#.##........####.# #.
#[##.##..#### #.# #.
#[##.##..# #.# ###.####
#@##..#..# ##+# # ......#
#........# ##...
#.###.##.###.###.#.## ##....
#..........#.###...# ##.....
##..[..##.#.#..z....####......
..........<............'......
##.....##.#.#####...####......
#..?.....#.##....(## ##.....
###.##.###.##....## ##....


There were no monsters in sight!

Vanquished Creatures
  Grinder (D:3)
  Sigmund (D:3)
  4 wights (D:3)
  Terence (D:2)
  A hound skeleton (D:2)
  2 oozes (D:1)
  2 leopard geckos
  2 ball pythons (D:2)
  6 bats
  A bat skeleton (D:2)
  A bat zombie (D:2)
  2 giant cockroaches (D:1)
  A goblin (D:1)
  4 hobgoblins
  7 kobolds
  2 frilled lizards (D:1)
  2 jackal skeletons (D:2)
  5 rats
45 creatures vanquished.

Notes
Turn   | Place    | Note
-------+----------+-------------------------------------------
     0 | D:1      | Felnil the Gnoll Rogue began the quest for the Orb.
     0 | D:1      | Reached XP level 1. HP: 13/13 MP: 3/3
    33 | D:1      | Reached XP level 2. HP: 19/19 MP: 5/5
   489 | D:1      | Reached XP level 3. HP: 23/25 MP: 6/6
  1289 | D:2      | Reached skill level 1 in Invocations
  1299 | D:2      | Reached skill level 1 in Fighting
  1299 | D:2      | Reached skill level 1 in Long Blades
  1299 | D:2      | Reached skill level 1 in Axes
  1299 | D:2      | Reached skill level 1 in Maces & Flails
  1299 | D:2      | Reached skill level 1 in Polearms
  1299 | D:2      | Reached skill level 1 in Staves
  1299 | D:2      | Reached skill level 1 in Slings
  1299 | D:2      | Reached skill level 1 in Bows
  1299 | D:2      | Reached skill level 1 in Crossbows
  1299 | D:2      | Reached skill level 1 in Armour
  1299 | D:2      | Reached skill level 1 in Dodging
  1299 | D:2      | Reached skill level 1 in Shields
  1299 | D:2      | Reached skill level 1 in Unarmed Combat
  1299 | D:2      | Reached skill level 1 in Spellcasting
  1523 | D:2      | Reached XP level 4. HP: 32/32 MP: 7/7
  1557 | D:2      | Noticed Terence
  1564 | D:2      | Killed Terence
  1674 | D:3      | Reached skill level 1 in Conjurations
  1674 | D:3      | Reached skill level 1 in Hexes
  1674 | D:3      | Reached skill level 1 in Charms
  1674 | D:3      | Reached skill level 1 in Summonings
  1674 | D:3      | Reached skill level 1 in Necromancy
  1674 | D:3      | Reached skill level 1 in Translocations
  1674 | D:3      | Reached skill level 1 in Transmutations
  1674 | D:3      | Reached skill level 1 in Fire Magic
  1674 | D:3      | Reached skill level 1 in Ice Magic
  1674 | D:3      | Reached skill level 1 in Air Magic
  1674 | D:3      | Reached skill level 1 in Earth Magic
  1674 | D:3      | Reached skill level 1 in Poison Magic
  1674 | D:3      | Reached XP level 5. HP: 14/37 MP: 8/8
  1975 | D:3      | Noticed Sigmund
  1983 | D:3      | Killed Sigmund
  1983 | D:3      | Reached XP level 6. HP: 44/44 MP: 9/9
  2021 | D:3      | Noticed Grinder
  2024 | D:3      | Killed Grinder
  2024 | D:3      | Reached skill level 5 in Short Blades
  2024 | D:3      | Reached skill level 5 in Throwing
  2024 | D:3      | Reached skill level 5 in Evocations
  2024 | D:3      | Reached XP level 7. HP: 50/50 MP: 10/10
  2234 | D:3      | Quit the game

Skill      XL: |  1  2  3  4  5  6  7 |
---------------+----------------------+-----
Invocations    | 1 2 |  2.7
Fighting       | 1 2 |  2.4
Long Blades    | 1 2 |  2.4
Axes           | 1 2 |  2.4
Maces & Flails | 1 2 |  2.4
Polearms       | 1 2 |  2.4
Staves         | 1 2 |  2.4
Slings         | 1 2 |  2.4
Bows           | 1 2 |  2.4
Crossbows      | 1 2 |  2.4
Armour         | 1 2 |  2.4
Dodging        | 1 2 |  2.4
Shields        | 1 2 |  2.4
Unarmed Combat | 1 2 |  2.4
Spellcasting   | 1 2 |  2.4
Conjurations   | 1 2 |  2.0
Hexes          | 1 2 |  2.0
Charms         | 1 2 |  2.0
Summonings     | 1 2 |  2.0
Necromancy     | 1 2 |  2.0
Translocations | 1 2 |  2.0
Transmutations | 1 2 |  2.0
Fire Magic     | 1 2 |  2.0
Ice Magic      | 1 2 |  2.0
Air Magic      | 1 2 |  2.0
Earth Magic    | 1 2 |  2.0
Poison Magic   | 1 2 |  2.0
Short Blades   | 5 |  5.2
Throwing       | 5 |  5.2
Evocations     | 5 |  5.2
Stealth        | |  8.9

Action                   |  1- 3 |  4- 6 |  7- 9 || total
-------------------------+-------+-------+-------++-------
Melee: Dagger            |    94 |    29 |     3 ||   126
       Bite              |     8 |     1 |       ||     9
Evoke: Wand              |       |       |    14 ||    14
  Use: Potion            |       |     4 |     1 ||     5
 Stab: Sleeping          |    17 |     3 |     1 ||    21
  Eat: Chunk             |     2 |     1 |     1 ||     4
Armor: Robe              |    34 |     1 |       ||    35
       Skin              |       |     8 |       ||     8
Dodge: Dodged            |    62 |     5 |     5 ||    72
